 Dungeon Crawl Stone Soup version 0.27-a0-819-g058290f16d (webtiles) character file.

Game seed: 6020222076108127169

6785 robertstho the Thaumaturge (level 11, -1/76 HPs)
             Began as a Djinni Ice Elementalist on Mar 29, 2021.
             Was an Initiate of Gozag.
             Slain by a ten-headed hydra (2 damage)
             ... on level 11 of the Dungeon.
             The game lasted 00:17:59 (14735 turns).

robertstho the Thaumaturge (DjIE)                  Turns: 14735, Time: 00:18:00

Health: -1/76      AC:  5    Str:  9    XL:     11   Next: 5%
Gold:   1662       EV: 34    Int: 21    God:    Gozag SH:  0 Dex: 19

rFire    + + .     SeeInvis .   i - +9 falchion "Jyss" {vorpal, Str+2}
rCold    x . .     Faith    .   (no shield)
rNeg     . . .     Spirit   .   j - +0 robe {Archmagi}
rPois    ∞         Reflect  .   y - +1 hat {Stlth+}
rElec    .         Harm     .   r - scarf {+Inv}
rCorr    .         Rampage  .   e - +1 pair of gloves
Will     +....                  (boots unavailable)
Stlth    ++++......             n - amulet of the acrobat
HPRegen  0.22/turn              d - +6 ring of dexterity
MPRegen  0.00/turn              x - +4 ring of evasion

@: acrobatic, flying
A: fire resistance 2, cold vulnerability 1, float, innate caster, hp casting,
extra vitality 1
a: Renounce Religion, Evoke Invisibility, Potion Petition, Call Merchant, Bribe
Branch


You were on level 11 of the Dungeon.
You worshipped Gozag.
Gozag was most pleased with you.
You visited 2 branches of the dungeon, and saw 12 of its levels.

You collected 1856 gold pieces.
You spent 156 gold pieces at shops.
You paid 38 gold pieces to Gozag.

Inventory:

Hand Weapons
 i - the +9 falchion "Jyss" (weapon) {vorpal, Str+2}
   (You found it on level 4 of the Dungeon)

   It inflicts extra damage upon your enemies.
   It affects your strength (+2).
 v - a +0 scimitar of flaming
Armour
 e - a +1 pair of gloves (worn)
 j - a +0 robe of the Archmagi (worn)
 r - a scarf of invisibility (worn)
 y - a +1 hat of stealth (worn)
Jewellery
 d - a +6 ring of dexterity (left hand)
 n - an amulet of the acrobat (around neck)
 o - a ring of willpower
 x - a +4 ring of evasion (right hand)
Scrolls
 g - a scroll of fear
 h - 5 scrolls of teleportation
 s - 2 scrolls of holy word
 u - 2 scrolls of fog
 z - a scroll of identify
Potions
 c - 5 potions of curing
 f - a potion of might
 k - 3 potions of heal wounds
 m - 2 potions of haste
 p - 2 potions of ambrosia
 t - a potion of berserk rage


   Skills:
 * Level 5.8 Fighting
 + Level 1.4(2.8) Short Blades
 + Level 3.7(3.9) Long Blades
 + Level 4.9 Dodging
 + Level 4.6 Stealth
 * Level 11.5 Spellcasting


You had 6 spell levels left.
You knew the following spells:

 Your Spells              Type           Power      Damage    Failure   Level
a - Freeze                Ice            100%       1d11      1%          1
b - Frozen Ramparts       Ice            100%       1d12      1%          3
c - Ozocubu's Armour      Ice            74%        N/A       1%          3
d - Hailstorm             Conj/Ice       74%        3d15      1%          4
e - Summon Ice Beast      Ice/Summ       74%        N/A       1%          4
f - Pain                  Necr           100%       1d9       1%          1
g - Call Imp              Summ           74%        N/A       1%          2
h - Blink                 Tloc           N/A        N/A       1%          2
i - Summon Guardian Gole  Hex/Summ       74%        N/A       1%          3
j - Ice Form              Ice/Tmut       74%        N/A       1%          4
Your spell library was empty.

Dungeon Overview and Level Annotations

Branches:
Dungeon (11/15)            Temple (1/1) D:4            Lair (0/6) D:8
    Orc (0/2) D:9

Altars:
Ashenzari
Cheibriados
Dithmenos
Elyvilon
Fedhas
Gozag
Hepliaklqana
Kikubaaqudgha
Makhleb
Nemelex Xobeh
Okawaru
Qazlal
Ru
Sif Muna
Trog
Uskayaw
Vehumet
Wu Jian
Xom
Yredelemnul
Zin
The Shining One

Shops:
D:8 *

Annotations:
D:2 exclusion: oklob plant
D:11 spiderkeys's ghost, journeyman MiBe


Innate Abilities, Weirdness & Mutations

You are immune to poison.
Your flesh is very heat resistant. (rF++)
You are vulnerable to cold. (rC-)
You float through the air rather than walking.
You learn spells naturally, not from books.
Your magical power is your life essence.
You have superior vitality. (+4 HP)


Message History

Spiderkeys's ghost barely misses your ice beast.
Your ice beast hits spiderkeys's ghost but does no damage.
Casting: Hailstorm (mildly dangerous; 1% risk of failure)
Confirm with . or Enter, or press ? or * to list all spells.
You feel a surge of power! A chill wind blows around you.
The ten-headed hydra bites you.
The ten-headed hydra bites you but does no damage.
The ten-headed hydra completely misses you.
The ten-headed hydra misses you.
The ten-headed hydra closely misses you.
The ten-headed hydra bites you! x2
The ten-headed hydra bites you but does no damage.
The ten-headed hydra bites you! x2
* * * LOW HITPOINT WARNING * * *
Your ice beast hits the 11-headed hydra.
Your ice beast freezes the 11-headed hydra!
The 11-headed hydra seems to slow down.
Something closely misses your ice beast.
Your ice beast hits the 11-headed hydra.
Your ice beast freezes the 11-headed hydra!!
Something hits your ice beast.
Your ice beast hits the ten-headed hydra.
Your ice beast freezes the ten-headed hydra!!
Your ice beast hits the 11-headed hydra.
Your ice beast freezes the 11-headed hydra!
The ten-headed hydra barely misses you.
You riposte.
You slash the ten-headed hydra!
The ten-headed hydra is almost dead.
The ten-headed hydra bites you!
* * * LOW HITPOINT WARNING * * *
The ten-headed hydra bites you.
* * * LOW HITPOINT WARNING * * *
The ten-headed hydra completely misses you.
The ten-headed hydra misses you.
The ten-headed hydra closely misses you.
The ten-headed hydra misses you.
The ten-headed hydra completely misses you. x2
The ten-headed hydra bites you.
You die...
Your body crumbles into a pile of gold.

#.......## ####.##..
###.....# ##........
###...###..##..... ########
##...............
#......####.......####.....
#......##..........###.###.
#......##..................
#......##Y........####.....
#......D.D@.>.....#########
#.....Y###.##..............
#.......##.##^###.#########
###''W####.##.###.#
##.....##..##.....# #
#P[....P#.#######.## ##
#≈..).$♣#....# #..# ###.
#♣.....P#....# #..# #(..
#♣)..P##....####..#####.#.


You could see a 11-headed hydra (slow, ally target), a ten-headed hydra (ally
target) and 2 friendly ice beasts.

Vanquished Creatures
  A hydra (D:9)
  A two-headed ogre (D:10)
  An efreet (D:9)
  A troll (D:10)
  5 yaks
  A steam dragon (D:9)
  Edmund (D:5)
  6 wargs
  An acid dragon (D:11)
  2 orc warriors (D:9)
  2 black bears
  A sky beast (D:7)
  An ice beast (D:4)
  An ogre (D:4)
  A phantom (D:5)
  3 kobold brigands
  A bullfrog (D:9)
  A wyvern zombie (D:6)
  2 vampire bats (D:7)
  3 howler monkeys (D:7)
  3 centaur zombies
  2 bullfrog skeletons
  An orc priest (D:5)
  7 orc wizards
  Terence (D:2)
  A killer bee zombie (D:8)
  A howler monkey zombie (D:8)
  Robin (D:2)
  6 adders
  5 gnolls (D:6)
  An ufetubus (D:5)
  An adder skeleton (D:4)
  7 worms
  A dart slug (D:3)
  32 orcs
  A bat skeleton (D:7)
  5 bat zombies (D:7)
  8 endoplasms
  A giant cockroach (D:3)
  16 goblins
  9 hobgoblins
  6 quokkas
  5 ball pythons
  4 bats
  4 frilled lizards
  22 kobolds
  6 rats
193 creatures vanquished.

Vanquished Creatures (collateral kills)
  An ugly thing (D:11)
  A cyclops (D:11)
  5 yaks
  A warg (D:9)
  Duvessa (D:6)
  A water moccasin (D:9)
  2 orc warriors (D:10)
  An ice beast (D:6)
  A black bear (D:8)
  An ogre (D:7)
  2 centaurs
  A kobold brigand (D:11)
  2 bullfrogs
  Dowan (D:6)
  A centaur zombie (D:6)
  A jelly (D:6)
  2 orc priests (D:8)
  A gnoll shaman (D:6)
  A killer bee zombie (D:9)
  A hound skeleton (D:4)
  3 gnolls (D:6)
  An ufetubus (D:7)
  8 orcs
  5 kobolds
45 creatures vanquished.

Grand Total: 238 creatures vanquished

Notes
Turn   | Place    | Note
-------+----------+-------------------------------------------
     0 | D:1      | robertstho the Djinni Ice Elementalist began the quest for
                  | the Orb.
     0 | D:1      | Reached XP level 1. HP: 15/15 MP: 0/0
   284 | D:1      | Reached XP level 2. HP: 10/22 MP: 0/0
   584 | D:1      | Reached skill level 4 in Spellcasting
   982 | D:1      | Reached XP level 3. HP: 23/26 MP: 0/0
   982 | D:1      | Learned a level 1 spell: Pain
  1818 | D:2      | Noticed Terence
  1823 | D:2      | Reached skill level 1 in Fighting
  1824 | D:2      | Killed Terence
  1825 | D:2      | Reached XP level 4. HP: 19/32 MP: 0/0
  1971 | D:2      | Noticed a moth of wrath
  1974 | D:2      | Found a bloodstained altar of Trog.
  2297 | D:2      | Noticed Robin
  2303 | D:2      | Killed Robin
  2499 | D:2      | Found a shimmering altar of Xom.
  2500 | D:2      | Found a burning altar of Makhleb.
  2633 | D:2      | Reached XP level 5. HP: 35/37 MP: 0/0
  2633 | D:2      | Learned a level 2 spell: Call Imp
  3003 | D:2      | Found a blossoming altar of Fedhas.
  3031 | D:2      | Noticed an oklob plant
  4287 | D:3      | Reached skill level 5 in Spellcasting
  4828 | D:4      | Noticed a black bear
  4841 | D:4      | Killed a black bear
  4842 | D:4      | Reached XP level 6. HP: 13/43 MP: 0/0
  5082 | D:4      | Found a stormy altar of Qazlal.
  5089 | D:4      | Found an iron altar of Okawaru.
  5175 | D:4      | Noticed an ice beast
  5192 | D:4      | Killed an ice beast
  5193 | D:4      | Reached skill level 1 in Short Blades
  5269 | D:4      | Found a staircase to the Ecumenical Temple.
  5327 | Temple   | Entered the Ecumenical Temple
  5577 | Temple   | Became a worshipper of Gozag Ym Sagoz the Greedy
  5627 | D:4      | Reached XP level 7. HP: 39/49 MP: 0/0
  5627 | D:4      | Learned a level 2 spell: Blink
  5905 | D:4      | Identified the +9 falchion "Jyss" {vorpal, Str+2}
  6139 | D:4      | Found a snail-covered altar of Cheibriados.
  6216 | D:5      | Entered Level 5 of the Dungeon
  6230 | D:5      | Found a shadowy altar of Dithmenos.
  6820 | D:5      | Found a shadowy altar of Dithmenos.
  6854 | D:5      | Found a blossoming altar of Fedhas.
  7041 | D:5      | Found a basalt altar of Yredelemnul.
  7041 | D:5      | Noticed Edmund
  7049 | D:5      | Killed Edmund
  7050 | D:5      | Reached skill level 1 in Long Blades
  7050 | D:5      | Reached skill level 6 in Spellcasting
  7227 | D:6      | Found a blossoming altar of Fedhas.
  7373 | D:6      | Found a hazy altar of Hepliaklqana.
  7415 | D:6      | Reached XP level 8. HP: 38/56 MP: 0/0
  8705 | D:6      | Noticed Dowan
  8706 | D:6      | Noticed Duvessa
  8713 | D:6      | Killed Dowan
  8716 | D:6      | Killed Duvessa
  9149 | D:7      | Reached skill level 7 in Spellcasting
 10079 | D:7      | Reached XP level 9. HP: 57/62 MP: 0/0
 10079 | D:7      | Learned a level 3 spell: Summon Guardian Golem
 10173 | D:8      | Found a staircase to the Lair.
 10189 | D:8      | Reached skill level 8 in Spellcasting
 11128 | D:8      | Found Dij Duy's General Store.
 11267 | D:8      | Bought a potion of haste for 120 gold pieces
 11267 | D:8      | Bought a potion of curing for 36 gold pieces
 11500 | D:8      | Found a glowing silver altar of Zin.
 11501 | D:8      | Noticed an angel
 11857 | D:9      | Noticed an efreet
 11861 | D:9      | Killed an efreet
 11862 | D:9      | Reached skill level 9 in Spellcasting
 12037 | D:9      | Noticed a six-headed hydra
 12043 | D:9      | Killed a six-headed hydra
 12044 | D:9      | Reached skill level 5 in Fighting
 12044 | D:9      | Reached XP level 10. HP: 49/70 MP: 0/0
 12481 | D:9      | Reached skill level 10 in Spellcasting
 12855 | D:9      | Found a staircase to the Orcish Mines.
 13105 | D:10     | Entered Level 10 of the Dungeon
 13255 | D:10     | Noticed a two-headed ogre
 13260 | D:10     | Killed a two-headed ogre
 13602 | D:10     | Found an opulent altar of Gozag.
 13803 | D:11     | Reached skill level 11 in Spellcasting
 14119 | D:11     | Noticed a cyclops
 14137 | D:11     | Killed a cyclops
 14138 | D:11     | Reached XP level 11. HP: 67/76 MP: 0/0
 14138 | D:11     | Learned a level 4 spell: Ice Form
 14145 | D:11     | Noticed a purple ugly thing
 14154 | D:11     | Killed a purple ugly thing
 14719 | D:11     | Found a runed translucent gate.
 14719 | D:11     | Found a runed translucent gate.
 14721 | D:11     | Found a runed translucent gate.
 14721 | D:11     | Noticed spiderkeys's ghost (journeyman MiBe)
 14721 | D:11     | Noticed a ten-headed hydra
 14721 | D:11     | Noticed an 11-headed hydra
 14735 | D:11     | HP: 1/76 [ten-headed hydra (3)]
 14735 | D:11     | Slain by a ten-headed hydra

Illustrated notes

Levels and vault maps discovered:
D:1:      amcnicky_arrival_underground_garden, layout_loops_ring,
          minmay_pentomino_u2
D:2:      layout_loops_cross, gammafunk_temple_overflow_pools, tgw_trog,
          tgw_fedhas, uniq_robin, uniq_terence
D:3:      layout_loops_ring
D:4:      layout_cave_pods, kennysheep_mini, grunt_temple_overflow_open,
          minmay_temple_entry_glass
D:5:      layout_loops_ring, marbit_many_paths, lemuel_doored_altar,
          nicolae_vehumet_radiance, basic_altar, serial_bayou_lagoon_a,
          grunt_dithmenos_smoke, uniq_edmund
D:6:      layout_cave_pods, nicolae_hepliaklqana_hazy_memory,
          nicolae_overflow_crystal_walls, mrwooster_statue_mirror,
          dk_noncrumbling_2, sigmund_army, uniq_duvessa
D:7:      layout_layer_cave, kennysheep_vampire_church
D:8:      layout_basic, zin_angel, erik_lair_orcish_takeover, serial_shops,
          nicolae_shop_temple_entry_statues_fountains, hangedman_decor_lopped
D:9:      layout_rooms, minmay_orc_entry_guard_dogs
D:10:     layout_cave_pools, basic_altar
D:11:     layout_rooms, gammafunk_ghost_hydra_chop, roderic_serpentine_path
Temple:   compressed_dpeg_triangle_lava_temple

Skill      XL: |  1  2  3  4  5  6  7  8  9 10 |
---------------+-------------------------------+-----
Spellcasting   | 4 5 6 7 9 11 | 11.5
Fighting       | 1 2 3 4 5 |  5.8
Stealth        | 2 3 4 |  4.6
Dodging        | 3 4 |  4.9
Short Blades   | 1 |  1.4
Long Blades    | 1 2 3 |  3.7

Action                   |  1- 3 |  4- 6 |  7- 9 | 10-12 || total
-------------------------+-------+-------+-------+-------++-------
Melee: Dagger            |    68 |   117 |     2 |       ||   187
       Falchion          |       |       |    75 |     7 ||    82
 Cast: Freeze            |    19 |    15 |     2 |       ||    36
       Frozen Ramparts   |     1 |    12 |    19 |     6 ||    38
       Ozocubu's Armour  |       |     1 |     2 |       ||     3
       Summon Ice Beast  |       |       |    50 |    36 ||    86
       Hailstorm         |       |       |    18 |    31 ||    49
  Use: Scroll            |       |     7 |     4 |     4 ||    15
       Potion            |       |     1 |     1 |       ||     2
 Stab: Sleeping          |     5 |     9 |     6 |       ||    20
       Distracted        |       |       |     1 |     1 ||     2
Armor: Robe              |    14 |    18 |    22 |     3 ||    57
Dodge: Dodged            |    60 |    66 |   120 |    30 ||   276
       Rpst.: Falchion   |       |       |    28 |     5 ||    33

Table legend: (Time is in decaauts)
 A = Elapsed time spent in this place.
 B = Non-inter-level travel time spent in this place.
 C = Inter-level travel time spent in this place.
 D = Time resting spent in this place.
 E = Time spent auto-exploring this place.
 F = Levels seen in this place.
 G = Mean time per level.
                   A        B        C        D        E       F      G
               +--------+--------+--------+--------+--------+-----+--------+
         Total |  14744 |  14365 |    379 |    865 |  11869 |  12 | 1228.7 |
       Dungeon |  14478 |  14132 |    346 |    865 |  11638 |  11 | 1316.2 |
        Temple |    265 |    232 |     33 |      0 |    231 |   1 |  265.0 |
               +--------+--------+--------+--------+--------+-----+--------+

Top non-repeatable levels by time:
     D:2: 1964 daAuts
     D:6: 1867 daAuts
     D:8: 1693 daAuts
     D:1: 1586 daAuts
     D:4: 1321 daAuts
     D:9: 1248 daAuts
     D:7: 1077 daAuts
     D:3: 1073 daAuts
     D:5: 1016 daAuts
    D:11: 936 daAuts
    D:10: 692 daAuts
  Temple: 265 daAuts
